 Dungeon Crawl Stone Soup version 0.29-a0-352-g0917bc69df (webtiles) character file.

Game seed: 2621210492269415699

639 spaghetti the Magician (level 7, -10/45 HPs)
             Began as a Djinni Venom Mage on Apr 23, 2022.
             Mangled by a troll (11 damage)
             ... on level 6 of the Dungeon.
             The game lasted 00:08:11 (8638 turns).

spaghetti the Magician (Djinni Venom Mage)          Turns: 8638, Time: 00:08:11

Health: -10/45     AC:  2    Str:  7    XL:     7   Next: 80%
Gold:   165        EV: 12    Int: 19    God:
                   SH:  0    Dex: 13

rFire   + + .      SeeInvis .   L - +2 dagger (elec) {short}
rCold   x . .      Faith    .   (no shield)
rNeg    . . .      Spirit   .   a - +0 robe rPois โˆž Reflect .
                                (no helmet)
rElec   .          Harm     .   (no cloak)
rCorr   .          Rampage  .   (no gloves)
Will    .....                   (boots unavailable)
Stlth   ++........              (no amulet)
HPRegen 0.15/turn               (no ring)
MPRegen 0.00/turn               (no ring)

@: on blink cooldown, flying
A: sickness immunity, fire resistance 2, cold vulnerability 1, float, innate
caster, HP casting, extra vitality 1
a: no special abilities


You were on level 6 of the Dungeon.
You visited 1 branch of the dungeon, and saw 6 of its levels.

You collected 165 gold pieces.


Innate Abilities, Weirdness & Mutations

You are immune to sickness and miasma.
You are immune to poison.
Your flesh is very heat resistant. (rF++)
You are vulnerable to cold. (rC-)
You float through the air rather than walking.
You learn spells naturally, not from books.
Your magical power is your life essence.
You have superior vitality. (+4 MHP)


   Skills:
 - Level 2.1 Dodging
 - Level 1.5 Stealth
 + Level 6.5 Spellcasting


You had 3 spell levels left.
You knew the following spells:

 Your Spells              Type           Power      Damage    Failure   Level
a - Sting                 Tmut/Pois      100%       1d8       1%          1
b - Poisonous Vapours     Pois/Air       62%        N/A       1%          2
c - Mephitic Cloud        Conj/Pois/Air  31%        N/A       2%          3
d - Olgreb's Toxic Radia  Pois           31%        N/A       7%          4
e - Shock                 Conj/Air       100%       1d9       1%          1
f - Blink                 Tloc           62%        N/A       1%          2
g - Gell's Gravitas       Tloc           31%        N/A       2%          3
Your spell library was empty.

Inventory:

Hand Weapons
 g - a +0 dagger {short}
   (You found it on level 1 of the Dungeon)
 j - a +0 dagger {short}
   (You took it off a goblin on level 1 of the Dungeon)
 m - a +0 hunting sling {sling}
   (You found it on level 1 of the Dungeon)
 n - a +0 short sword {short}
   (You took it off a kobold on level 1 of the Dungeon)
 p - a +0 club {mace}
   (You took it off a kobold on level 1 of the Dungeon)
 s - a +0 dagger {short}
   (You took it off a goblin on level 1 of the Dungeon)
 t - a +0 whip {mace}
   (You took it off a kobold on level 1 of the Dungeon)
 u - a +0 flail {mace}
   (You took it off an orc on level 2 of the Dungeon)
 y - a +0 dagger {short}
   (You took it off a goblin on level 2 of the Dungeon)
 z - a +0 short sword {short}
   (You took it off a kobold on level 2 of the Dungeon)
 F - a +0 spear {polearm}
   (You found it on level 3 of the Dungeon)
 G - a +2 dagger of flaming {short}
   (You took it off a goblin on level 3 of the Dungeon)
 L - a +2 dagger of electrocution (weapon) {short}
   (You found it on level 4 of the Dungeon)
Missiles
 f - 10 poisoned darts {throwing}
 o - 213 stones {throwing}
Armour
 a - a +0 robe (worn)
Jewellery
 B - a ring of protection from fire
   (You found it on level 3 of the Dungeon)
Wands
 H - a wand of charming (2)
   (You found it on level 3 of the Dungeon)
Scrolls
 b - 6 scrolls of identify {unknown}
 d - 2 scrolls of holy word {unknown}
 e - a scroll of enchant weapon {unknown}
 k - 4 scrolls of teleportation {unknown}
 l - 2 scrolls of summoning {unknown}
 q - a scroll of magic mapping {unknown}
 r - 2 scrolls of fog {unknown}
 v - 2 scrolls of brand weapon {unknown}
 A - 2 scrolls of enchant armour {unknown}
 E - 2 scrolls of blinking {unknown}
 K - a scroll of amnesia {unknown}
Potions
 c - 2 potions of attraction {unknown}
 h - 3 potions of invisibility {unknown}
 i - 4 potions of might
 w - a potion of berserk rage {unknown}
 x - a potion of flight {unknown}
 C - a potion of brilliance {unknown}
 D - 3 potions of curing {unknown}
 I - a potion of haste {unknown}
 J - a potion of heal wounds {unknown}
 M - a potion of degeneration {unknown}

Dungeon Overview and Level Annotations

Branches:
Dungeon (6/15)
 Temple: D:4-7

Altars:
Yredelemnul

Shops:
D:4 *

Annotations:
D:4 exclusions: door and necrophage

....... .....## #...#.#
#.#.## #...#.# #.....
#...#.#######....#
##.##.............
##...#.######...<..
).#######.......####.......
#.))...ยง..........'.......
##....##T@.....####.......
#.###. ##...#.## ##......
#. ##.#### ##..... #. #.#
##...# #. #.# ##'## #. #.#
#.# #. #.# #.# .# #.# ...


You could see a troll (extremely poisoned).


Message History

Aiming: Sting (safe; 1% risk of failure)
Press: ? - help, Shift-Dir - straight line, f/p - hound
Aim: a hound (moderately wounded, very poisoned, 69% to hit)
The sting hits the hound!
The hound looks as sick as possible!
You kill the hound! ๐Ÿ˜• HP[-1]
You take 1 damage, and now have 38/45 hp.
Casting: Sting (safe; 1% risk of failure)
Confirm with . or Enter, or press ? or * to list all spells.
You can't see any susceptible monsters within range! (Use Z to cast anyway.) Unknown command.
You see here a hound corpse.
Key pressed, stopping explore.
f - 10 poisoned darts {throwing} (gained 4) ๐Ÿ˜Ž HP[+7]
Your hp is fully restored (45).
Key pressed, stopping explore.
You see here a +0 hand axe {axe}.
Key pressed, stopping explore.
i - 4 potions of might (gained 1)
You reach down and open the door.
There is an open door here.
l - 2 scrolls labelled HAOTUE RYMUTUZ (gained 1) Done exploring.
(D) Dungeon
Where to? (Enter - D:5, ? - help)
There is a stone staircase leading down here.
You fly downwards.
There is a stone staircase leading up here.
b - 6 scrolls labelled YLEL NIZXOT (gained 1)
v - 2 scrolls labelled JUXAYREUQI (gained 1)
c - 2 fuming brown potions (gained 1)
o - 191 stones {throwing} (gained 24)
o - 213 stones {throwing} (gained 22)
You reach down and open the door.
There is an open door here.
You reach down and open the door.
There is an open door here.
Key pressed, stopping explore.
A troll and an orc come into view.
There are monsters nearby!
Casting: Sting (safe; 1% risk of failure)
Confirm with . or Enter, or press ? or * to list all spells.
You begin to radiate toxic energy.
The troll is poisoned.
The orc shouts!
The orc is poisoned.
The orc looks even sicker.
An orc comes into view.
It is wielding a +0 short sword. ๐Ÿ˜• HP[-4]
You take 4 damage, and now have 41/45 hp.
Casting: Olgreb's Toxic Radiance (dangerous; 7% risk of failure)
Confirm with . or Enter, or press ? or * to list all spells.
Your toxic radiance grows in intensity.
The troll looks even sicker.
The orc shouts!
The orc is poisoned.
The troll looks even sicker.
You feel a bit more experienced.
An orc comes into view. It is wielding a +0 mace. ๐Ÿ˜• HP[-4]
You take 4 damage, and now have 37/45 hp.
Casting: Olgreb's Toxic Radiance (dangerous; 7% risk of failure)
Confirm with . or Enter, or press ? or * to list all spells.
Your toxic radiance grows in intensity.
The orc is poisoned.
You kill the orc!
The orc looks even sicker.
An orc comes into view. It is wielding a +0 flail.
The troll bites you!
* * * LOW HITPOINT WARNING * * *
The troll claws you!
* * * LOW HITPOINT WARNING * * *
The troll claws you.
* * * LOW HITPOINT WARNING * * *
๐Ÿ˜ฑ HP[-34]
You take 34 damage, and now have 3/45 hp.
MASSIVE DAMAGE!! (PAUSE) Unknown command.
The orc shouts!
The orc is poisoned.
The orc looks even sicker.
Casting: Olgreb's Toxic Radiance (dangerous; 7% risk of failure)
Confirm with . or Enter, or press ? or * to list all spells.
You blink.
* * * LOW HITPOINT WARNING * * *
The troll looks as sick as possible!
The orc looks as sick as possible!
You kill the orc! ๐Ÿ˜ฑ HP[-1]
You take 1 damage, and now have 2/45 hp.
Unknown command.
Aiming: Charm
Press: ? - help, Shift-Dir - straight line, f - troll
Aim: a troll (translocational energy, lightly wounded, extremely poisoned, chance to affect: 49%) Really charm the troll while emitting a toxic aura?
The troll resists with some effort.
Your toxic aura wanes.
Aiming: Charm
Press: ? - help, Shift-Dir - straight line, f/p - troll
Aim: a troll (moderately wounded, extremely poisoned, chance to affect: 49%) Nothing appears to happen.
You kill the orc!
The troll bites you.
* * * LOW HITPOINT WARNING * * *
The troll claws you!
You die...

Skill      XL: |  1  2  3  4  5  6  7 |
---------------+----------------------+-----
Spellcasting   | 3 4 5 6 |  6.5
Dodging        | |  2.1
Stealth        | |  1.5

Action                   |  1- 3 |  4- 6 |  7- 9 || total
-------------------------+-------+-------+-------++-------
Melee: Dagger            |       |    11 |     2 ||    13
 Cast: Sting             |    59 |    47 |    41 ||   147
       Poisonous Vapours |     5 |   112 |     3 ||   120
       Mephitic Cloud    |       |     1 |       ||     1
       Olgreb's Toxic Ra |       |       |     3 ||     3
       Blink             |       |       |     2 ||     2
       Shock             |       |       |     1 ||     1
Evoke: Wand              |       |       |     5 ||     5
Armor: Robe              |     4 |     6 |     5 ||    15
Dodge: Dodged            |    12 |    25 |    14 ||    51

Levels and vault maps discovered:
D:1:      pf_arrival_petrified_forest, layout_loops_ring, minmay_misc_feat_alley
D:2:      layout_basic
D:3:      layout_loops_ring, dreamdust_ecumenical_altar_drowned_temple,
          grunt_ministairs_8, uniq_terence
D:4:      minmay_evil_eye, layout_loops_corners, serial_shops,
          nicolae_shop_stone
D:5:      layout_basic, marbit_many_paths
D:6:      layout_loops_corners, uniq_edmund

Notes
Turn   | Place    | Note
-------+----------+-------------------------------------------
     0 | D:1      | spaghetti the Djinni Venom Mage began the quest for the
                  | Orb.
     0 | D:1      | Reached XP level 1. HP: 15/15 MP: 0/0
     0 | D:1      | magus.rc [v1.9.6]
   502 | D:1      | Reached XP level 2. HP: 14/21 MP: 0/0
  1081 | D:1      | Reached skill level 3 in Spellcasting
  1578 | D:2      | Reached XP level 3. HP: 19/25 MP: 0/0
  1578 | D:2      | Learned a level 1 spell: Shock
  2308 | D:2      | Reached XP level 4. HP: 29/31 MP: 0/0
  3292 | D:3      | Reached skill level 4 in Spellcasting
  3984 | D:3      | Reached XP level 5. HP: 33/35 MP: 0/0
  3984 | D:3      | Learned a level 2 spell: Blink
  4018 | D:3      | Noticed Terence
  4030 | D:3      | Killed Terence
  4471 | D:3      | Found a faded altar of an unknown god.
  5043 | D:4      | Reached XP level 6. HP: 33/40 MP: 0/0
  5151 | D:4      | Reached skill level 5 in Spellcasting
  6643 | D:4      | Found Ulipyteb's General Store.
  6884 | D:5      | Entered Level 5 of the Dungeon
  7068 | D:5      | Reached XP level 7. HP: 33/45 MP: 0/0
  7068 | D:5      | Learned a level 3 spell: Gell's Gravitas
  7486 | D:5      | Reached skill level 6 in Spellcasting
  8308 | D:5      | Found a basalt altar of Yredelemnul.
  8631 | D:6      | Noticed a troll
  8634 | D:6      | HP: 4/45 [troll (14)]
  8638 | D:6      | HP: 1/45 [troll (1)]
  8638 | D:6      | Mangled by a troll

Vanquished Creatures
  A necrophage (D:4)
  A scorpion (D:4)
  2 hounds (D:5)
  2 jellies
  Terence (D:3)
  2 orc wizards (D:5)
  4 iguanas
  3 gnolls (D:5)
  8 adders
  3 dart slugs
  10 orcs
  7 endoplasms
  5 giant cockroaches
  9 goblins
  11 hobgoblins
  5 kobolds
  2 quokkas
  6 ball pythons
  2 bats
  5 frilled lizards
  4 rats
93 creatures vanquished.

Vanquished Creatures (others)
  An ice beast (D:5)
1 creature vanquished.

Grand Total: 94 creatures vanquished

Table legend:
 A = Non-vault XP
 B = Vault XP
 C = Vault XP percentage of total XP
 D = Non-vault monster count
 E = Vault monster count
 F = Vault count percentage of total count
                 A         B        C        D         E       F
            +---------+---------+-------+---------+---------+-------
      Total |     810 |     107 |  11.7 |      85 |       9 |   9.6
            +---------+---------+-------+---------+---------+-------
        D:1 |      22 |       0 |   0.0 |      13 |       0 |   0.0
        D:2 |      76 |       0 |   0.0 |      22 |       0 |   0.0
        D:3 |      48 |      51 |  51.5 |      15 |       3 |  16.7
        D:4 |     213 |      53 |  19.9 |      12 |       5 |  29.4
        D:5 |     439 |       3 |   0.7 |      19 |       1 |   5.0
        D:6 |      12 |       0 |   0.0 |       4 |       0 |   0.0
            +---------+---------+-------+---------+---------+-------

Illustrated notes

Table legend:
 A = Kills in this place as a percentage of kills in entire the game.
 B = Kills by you in this place as a percentage of kills by you in the entire game.
 C = Kills by friends in this place as a percentage of kills by friends in the entire game.
 D = Other kills in this place as a percentage of other kills in the entire game.
 E = Experience gained in this place as a percentage of experience gained in the entire game.
 F = Experience gained in this place divided by the number of levels of this place that you have seen.
                   A       B       C       D       E      F
               +-------+-------+-------+-------+-------+----------------------
         Total | 100.0 | 100.0 |   N/A | 100.0 | 100.0 | 152.8
       Dungeon | 100.0 | 100.0 |   N/A | 100.0 | 100.0 | 152.8
               +-------+-------+-------+-------+-------+----------------------

Table legend: (Time is in decaauts)
 A = Elapsed time spent in this place.
 B = Non-inter-level travel time spent in this place.
 C = Inter-level travel time spent in this place.
 D = Time resting spent in this place.
 E = Time spent auto-exploring this place.
 F = Levels seen in this place.
 G = Mean time per level.
                   A        B        C        D        E       F      G
               +--------+--------+--------+--------+--------+-----+--------+
         Total |   8636 |   8505 |    131 |   1553 |   6374 |   6 | 1439.3 |
       Dungeon |   8636 |   8505 |    131 |   1553 |   6374 |   6 | 1439.3 |
               +--------+--------+--------+--------+--------+-----+--------+

Top non-repeatable levels by time:
     D:4: 1882 daAuts
     D:3: 1868 daAuts
     D:2: 1719 daAuts
     D:5: 1698 daAuts
     D:1: 1413 daAuts
     D:6: 54 daAuts
